 Dungeon Crawl Stone Soup version 0.31-a0-339-gda1cbd555d (webtiles) character file.

Game seed: 17756767936544302740

1141 LeprechaunX the Ruffian (level 8, 0/50 (54) HPs)
             Began as an Octopode Shapeshifter on July 20, 2023.
             Was a Believer of Cheibriados.
             Slain by a wight
             ... wielding a +4 trident of freezing
              (4 damage)
             ... on level 6 of the Dungeon.
             The game lasted 00:06:37 (4275 turns).

LeprechaunX the Ruffian (Octopode Shapeshifter)     Turns: 4275, Time: 00:06:38

HP:   0/50 (54)     AC:  5    Str: 21    XL:     8   Next: 37%
MP:   8/8           EV: 16    Int: 16    God:    Cheibriados [**....]
Gold: 228           SH:  0    Dex: 23    Spells: 7/7 levels left

rFire   . . .        b - +2 mace (protect)
rCold   . . .        (no shield)
rNeg    . . .        (helmet currently unavailable)
rPois   .            (no amulet)
rElec   .            g - +6 ring of dexterity
rCorr   .            r - ring of flight
SInv    .            u - +4 ring of protection
Will    .....        (no ring)
Stlth   +++          (no ring)
HPRegen 0.28/turn    (no ring)
MPRegen 0.11/turn    (no ring)
                     (no ring)

%: no passive effects
@: beast-form, flying, drained, very slow
A: beast (slay +3), almost no armour, amphibious, 8 rings, camouflage 1,
gelatinous body 1, (nimble swimmer 1), tentacles
a: Begin Untransformation, Renounce Religion, Bend Time


You were on level 6 of the Dungeon.
You worshipped Cheibriados.
Cheibriados was pleased with you.
You were a hulking beast.
You visited 1 branch of the dungeon, and saw 6 of its levels.

You collected 228 gold pieces.

Inventory:

Hand Weapons
 a - a +0 arbalest
 b - a +2 mace of protection (weapon)
Missiles
 f - 6 curare-tipped darts (quivered)
Jewellery
 g - a +6 ring of dexterity (left tentacle)
 r - a ring of flight (right tentacle)
 u - a +4 ring of protection (on tentacle)
Talismans
 h - a beast talisman
Wands
 n - a wand of charming (18)
Scrolls
 e - 4 scrolls of teleportation {unknown}
 i - a scroll of noise {unknown}
 j - 2 scrolls of poison {unknown}
 m - 7 scrolls of identify {unknown}
 o - 2 scrolls of brand weapon {unknown}
 p - a scroll of revelation {unknown}
 q - a scroll of amnesia {unknown}
 t - a scroll of fear {unknown}
Potions
 c - 4 potions of curing {unknown}
 d - 2 potions of mutation {unknown}
 k - a potion of haste {unknown}
 l - a potion of lignification
 s - 2 potions of attraction {unknown}
 v - a potion of degeneration {unknown}


   Skills:
 + Level 3.7 Fighting
 + Level 3.2 Maces & Flails
 + Level 4.0 Dodging
 * Level 5.9 Unarmed Combat
 * Level 5.2 Shapeshifting


You had 7 spell levels left.
You didn't know any spells.
Your spell library was empty.

Dungeon Overview and Level Annotations

Branches:
Dungeon (6/15)
 Temple: D:4-7

Altars:
Cheibriados
Nemelex Xobeh

Shops:
D:4 :

Annotations:
D:5 1 transporter, 2 runed translucent doors, LeprechaunX's ghost, novice OpSh


Innate Abilities, Weirdness & Mutations

You are a hulking beast.
Your limbs bulge with bestial killing power. (Slay +3)
You cannot wear most types of armour.
You are amphibious.
You can wear up to eight rings at the same time.
Your skin changes colour to match your surroundings (Stealth+).
Your rubbery body absorbs attacks. (AC +1, EV +1)
((You are camouflaged when in or above water. (Stealth+)))
You have tentacles for arms and can constrict up to eight enemies at once.


Message History

The gnoll hits you but does no damage. x2
You sock the gnoll!
You kill the gnoll!
Cheibriados appreciates the change of pace.
The gnoll hits you but does no damage. The gnoll closely misses you.
You sock the gnoll! You grab the gnoll.
The gnoll is severely wounded.
You constrict the gnoll. The gnoll closely misses you.
A wight comes into view.
It is wielding a +4 trident of freezing.
The gnoll hits you with a +0 club!
Unknown command.
You hit the gnoll.
You kill the gnoll!
Cheibriados thoroughly appreciates the change of pace.
The gnoll hits you with a +0 flail. The gnoll barely misses you.
You thump the gnoll! You grab the gnoll.
The gnoll is almost dead.
You constrict the gnoll.
You kill the gnoll!
Cheibriados appreciates the change of pace.
A wight comes into view. It is wielding a +3 great sword.
A wight comes into view.
It is wielding a +2 battleaxe of freezing.
Your Dodging skill increases to level 4!
Unknown command.
The wight hits you from afar with a +4 trident of freezing.
The wight freezes you. The wight closely misses you.
The wight barely misses you.
The wight hits you with a +4 trident of freezing.
The wight freezes you. The wight attacks as you move away!
The wight completely misses you. The wight closely misses you.
The wight hits you with a +4 trident of freezing!
You feel drained. The wight freezes you. The wight attacks as you move away!
The wight barely misses you. The wight attacks as you move away!
The wight hits you with a +4 trident of freezing!
* * * LOW HITPOINT WARNING * * *
You feel drained. The wight freezes you.
You die...

... ..... #.#
.#..#.... . ..
....... .# ..
.........# .###.
#....#.#.#
......#........#
.....#.#.......
#..zz.......
#.#h#z.#####
#.#.#))#
..##.#.#..# #
...........##.###
....#.#..........
.. #.##(..##....
. #<..# ### ..
#........ #.
..#.##.##


You could see 2 wights.

Vanquished Creatures
  Duvessa (D:5)
  A phantom (D:4)
  2 scorpions (D:5)
  3 wights (D:5)
  Dowan (D:5)
  A howler monkey (D:4)
  3 orc priests (D:4)
  A sleepcap (D:4)
  2 hounds (D:5)
  A gnoll bouda (D:6)
  2 orc wizards (D:5)
  Ijyb (D:3)
  2 iguanas (D:5)
  Robin (D:3)
  10 gnolls
  2 adders
  An ufetubus (D:5)
  2 worms
  3 dart slugs
  25 orcs
  3 ball pythons
  11 endoplasms
  4 giant cockroaches
  11 goblins
  9 hobgoblins
  3 jackals (D:4)
  6 kobolds
  4 quokkas
  8 bats
  3 frilled lizards
  5 rats
132 creatures vanquished.

Vanquished Creatures (others)
  A goblin (D:3)
1 creature vanquished.

Grand Total: 133 creatures vanquished

Notes
Turn   | Place    | Note
-------+----------+-------------------------------------------
     0 | D:1      | LeprechaunX the Octopode Shapeshifter began the quest for
                  | the Orb.
     0 | D:1      | Reached XP level 1. HP: 13/13 MP: 1/1
   178 | D:1      | Reached XP level 2. HP: 12/18 MP: 2/2
   529 | D:1      | Reached XP level 3. HP: 20/23 MP: 3/3
  1480 | D:2      | Found a faded altar of an unknown god.
  1698 | D:3      | Reached XP level 4. HP: 28/28 MP: 4/4
  1785 | D:3      | Noticed Ijyb
  1792 | D:3      | Killed Ijyb
  1810 | D:3      | Noticed Robin
  1826 | D:3      | Reached skill level 1 in Maces & Flails
  1831 | D:3      | HP: 1/29 [Robin/+0 short sword of freezing (1)]
  1832 | D:3      | Killed Robin
  1833 | D:3      | Reached XP level 5. HP: 2/34 MP: 5/5
  2389 | D:4      | Found a snail-covered altar of Cheibriados.
  2404 | D:4      | Became a worshipper of Cheibriados the Contemplative
  2587 | D:4      | Reached XP level 6. HP: 24/41 MP: 6/6
  2736 | D:4      | Reached * piety under Cheibriados
  2784 | D:4      | Found Zouq's Book Shop.
  2949 | D:4      | Reached XP level 7. HP: 45/45 MP: 7/7
  3132 | D:5      | Entered Level 5 of the Dungeon
  3244 | D:5      | Reached skill level 5 in Unarmed Combat
  3460 | D:5      | Reached ** piety under Cheibriados
  3529 | D:5      | Noticed Dowan
  3552 | D:5      | Noticed Duvessa
  3560 | D:5      | Killed Dowan
  3561 | D:5      | Killed Duvessa
  3562 | D:5      | Reached skill level 5 in Shapeshifting
  3562 | D:5      | Reached XP level 8. HP: 15/52 MP: 8/8
  3880 | D:5      | Found a sparkling altar of Nemelex Xobeh.
  3880 | D:5      | Found a transporter.
  3880 | D:5      | Noticed a wyvern
  3881 | D:5      | Noticed a wyvern
  4028 | D:5      | Found a large runed translucent door.
  4028 | D:5      | Found a large runed translucent door.
  4031 | D:5      | Noticed LeprechaunX's ghost (novice OpSh)
  4275 | D:6      | Slain by a wight

Illustrated notes

Levels and vault maps discovered:
D:1:      dpeg_arrival_tiny_h, layout_loops_ring, serial_co_window_serial,
          co_window_paths_b, co_window_corner_a, co_window_corner_a,
          co_window_corner_a, co_window_paths_b, co_window_corner_ca,
          co_window_paths_c, co_window_broadway_c, glass_columns_a,
          glass_columns_b
D:2:      layout_basic, ebering_ecumenical_altar_sacrificial
D:3:      layout_basic, uniq_robin, uniq_ijyb
D:4:      nicolae_BIG_FREAKIN_CUBE, layout_basic, cheibrodos_worm_habitat,
          serial_shops, shop
D:5:      layout_rooms, grunt_nemelex_the_gamble, ebering_ghost_disaster_area,
          uniq_duvessa
D:6:      layout_basic, gammafunk_temple_overflow_elements,
          lightli_sewer_entry_pipes, hangedman_abyss_or_decor_passed

Skill      XL: |  1  2  3  4  5  6  7  8 |
---------------+-------------------------+-----
Maces & Flails | 1 2 3 |  3.2
Unarmed Combat | 4 5 |  5.9
Fighting       | 2 3 |  3.7
Shapeshifting  | 4 5 |  5.2
Dodging        | 3 4 |  4.0

Action                     |  1- 3 |  4- 6 |  7- 9 || total
---------------------------+-------+-------+-------++-------
  Melee: Unarmed           |    39 |       |       ||    39
         Tentacles         |     5 |    22 |    12 ||    39
         Constrict         |    14 |    30 |    20 ||    64
         Mace              |    24 |   110 |    62 ||   196
         Punch             |       |     4 |     2 ||     6
   Fire: Arbalest          |       |       |     1 ||     1
   Stab: Sleeping          |    12 |     7 |       ||    19
         Distracted        |     1 |       |       ||     1
 Armour: Skin              |     7 |    33 |    24 ||    64
  Dodge: Dodged            |    28 |    80 |    82 ||   190

Table legend: (Time is in decaauts)
 A = Elapsed time spent in this place.
 B = Non-inter-level travel time spent in this place.
 C = Inter-level travel time spent in this place.
 D = Time resting spent in this place.
 E = Time spent auto-exploring this place.
 F = Levels seen in this place.
 G = Mean time per level.
                   A        B        C        D        E       F      G
               +--------+--------+--------+--------+--------+-----+--------+
         Total |   4724 |   4335 |    389 |    685 |   2841 |   6 |  787.3 |
       Dungeon |   4724 |   4335 |    389 |    685 |   2841 |   6 |  787.3 |
               +--------+--------+--------+--------+--------+-----+--------+

Top non-repeatable levels by time:
     D:4: 1201 daAuts
     D:5: 1116 daAuts
     D:1: 899 daAuts
     D:3: 791 daAuts
     D:2: 691 daAuts
     D:6: 23 daAuts
